 Dungeon Crawl Stone Soup version 0.19.1 (webtiles) character file.

102 empire the Charmwright (level 4, 0/46 HPs)
             Began as a High Elf Skald on Dec 21, 2016.
             Slain by an adder (2 damage)
             ... on level 4 of the Dungeon.
             The game lasted 00:06:08 (3068 turns).

empire the Charmwright (High Elf Skald)             Turns: 3068, Time: 00:06:09

Health: 0/46       AC: 22    Str: 11    XL:     4   Next: 49%
Magic:  8/9        EV:  2    Int: 22    God:
Gold:   97         SH:  0    Dex: 14    Spells: 1 memorised, 8 levels left

rFire  . . .     SeeInvis .     a - +0 falchion
rCold  . . .     Gourm    .     (armour currently unavailable)
rNeg   + + +     Faith    .     (no shield)
rPois  +         Spirit   .     (helmet currently unavailable)
rElec  .         Reflect  .     (cloak currently unavailable)
rCorr  .         Harm     .     (gloves currently unavailable)
MR     .....     NoTele   +     (boots currently unavailable)
Stlth  +.........               (no amulet)
                                j - ring of wizardry
                                f - ring of poison resistance (curse)

@: brilliant, lethally poisoned (0 -> -1), tree-form, very slightly
contaminated, invisible
A: no striking features
a: no special abilities


You were on level 4 of the Dungeon.
You were not hungry.
You were a tree.
You visited 1 branch of the dungeon, and saw 4 of its levels.

You collected 97 gold pieces.

Inventory:

Hand Weapons
 a - a +0 falchion (weapon)
Missiles
 g - 48 arrows
Armour
 b - a +0 leather armour (melded)
 k - a +0 cloak (melded)
 v - a cursed +0 large shield
Jewellery
 f - a cursed ring of poison resistance (left branch)
 h - an uncursed ring of see invisible
 j - a ring of wizardry (right branch)
Scrolls
 e - 2 scrolls of amnesia {unknown}
 l - 2 scrolls of immolation {unknown}
 m - 4 scrolls of remove curse {unknown}
 o - a scroll of enchant armour {unknown}
Potions
 t - a potion of berserk rage
Books
 c - a book of Battle

   Spells                             Type                      Level
   a - Infusion                       Charms                       1
   b - Shroud of Golubria             Charms/Translocation         2
   c - Song of Slaying                Charms                       2
   d - Spectral Weapon                Hexes/Charms                 3
   e - Regeneration                   Charms/Necromancy            3
Comestibles
 d - 3 bread rations
 i - 2 meat rations
 q - 4 chunks of flesh
 r - 4 fruits


   Skills:
 - Level 3.0 Fighting
 - Level 3.1 Long Blades
 - Level 0.8 Armour
 - Level 3.0 Dodging
 - Level 3.2 Spellcasting
 + Level 3.6 Charms


You had 8 spell levels left.
You knew the following spells:

 Your Spells              Type           Power        Failure   Level  Hunger
a - Infusion              Chrm           ####         1%          1    None


Dungeon Overview and Level Annotations

Branches:
Dungeon (4/15)
 Temple: D:4-7

Altars:

Annotations:
D:3 Natasha, Purgy, Robin


Message History

The adder bites you but does no damage.
You are very lightly contaminated with residual magic.
You closely miss the adder.
The adder is almost dead.
The adder closely misses you.
You riposte.
You strike the helpless adder from behind!
You hit the adder but do no damage.
The adder is almost dead.
The adder bites you.
* * * LOW HITPOINT WARNING * * *
It was a potion of brilliance.
You feel clever all of a sudden.
* * * LOW HITPOINT WARNING * * *
You feel sick. The adder bites you.
* * * LOW HITPOINT WARNING * * *
It was a potion of lignification.
You turn into a tree.
Your +0 cloak melds into your body.
Your +0 leather armour melds into your body.
Your roots penetrate the ground.
The adder bites you.
You die...

#.# #.# #.# #.#
#.# #.# #S# #♣#
#.# #.# #.#
#############.#
#.............#
#<#############
#.# #.#


You could see an adder.

Vanquished Creatures
  A worker ant (D:4)
  An adder (D:2)
  2 oozes (D:2)
  2 worms
  2 dart slugs
  2 leopard geckos (D:1)
  2 orcs (D:3)
  5 bats
  3 giant cockroaches
  5 goblins
  6 hobgoblins
  3 jackals
  A ball python (D:1)
  A frilled lizard (D:2)
  6 kobolds
  5 rats
47 creatures vanquished.

Notes
Turn   | Place    | Note
-------+----------+-------------------------------------------
     0 | D:1      | empire the High Elf Skald began the quest for the Orb.
     0 | D:1      | Reached XP level 1. HP: 14/14 MP: 4/4
   426 | D:1      | Reached XP level 2. HP: 13/19 MP: 6/6
  1497 | D:2      | Reached XP level 3. HP: 19/26 MP: 7/7
  1546 | D:2      | Found a faded altar of an unknown god.
  2324 | D:3      | Noticed Robin
  2435 | D:3      | Reached XP level 4. HP: 12/31 MP: 0/8
  2711 | D:3      | Noticed Purgy
  2869 | D:3      | Noticed Natasha
  3067 | D:4      | HP: 1/31 [adder (1)]
  3068 | D:4      | Slain by an adder

Skill      XL: |  1  2  3  4 |
---------------+-------------+-----
Long Blades    | 3 |  3.1
Fighting       | 3 |  3.0
Dodging        | 2 3 |  3.0
Spellcasting   | 3 |  3.2
Armour         | |  0.8
Charms         | |  3.6

Action                   |  1- 3 |  4- 6 || total
-------------------------+-------+-------++-------
Melee: Falchion          |   116 |    34 ||   150
 Cast: Infusion          |     2 |     2 ||     4
  Use: Potion            |       |     3 ||     3
       Scroll            |       |     2 ||     2
 Stab: Invisible         |       |     1 ||     1
  Eat: Chunk             |     5 |     2 ||     7
Armor: Leather armour    |    30 |    12 ||    42
Dodge: Dodged            |    85 |    34 ||   119
       Rpst.: Falchion   |    26 |    12 ||    38
